 Dungeon Crawl Stone Soup version 0.31-a0-851-g7ff8af7976 (webtiles) character file.

Game seed: 13004510703885639907

46 Ethylacetat the Changeling (level 3, -1/18 HPs)
             Began as a Vine Stalker Shapeshifter on Oct 7, 2023.
             Was a Follower of Qazlal.
             Slain by Robin
             ... wielding a +0 short sword
              (3 damage)
             ... on level 2 of the Dungeon.
             The game lasted 00:03:12 (978 turns).

Ethylacetat the Changeling (VSSh)                    Turns: 978, Time: 00:03:14

Health: -1/18      AC:  5    Str: 18    XL:     3   Next: 68%
Magic:  0/4        EV: 11    Int: 10    God:    Qazlal [*.....]
Gold:   79         SH:  2    Dex: 13    Spells: 2/2 levels left

rFire   . .          .
                       - Unarmed
rCold   . . .        (no shield)
rNeg    . . .        e - +0 ring mail
rPois   .            (helmet currently unavailable)
rElec   .            (cloak currently unavailable)
rCorr   .            (gloves currently unavailable)
SInv    .            (boots currently unavailable)
Will    .....        (no amulet)
Stlth   +            (no ring)
HPRegen 1.03/turn    (no ring)
MPRegen 0.09/turn

%: guardian spirit
@: beast-form
A: beast (slay +2), fangs 2, regeneration 1, magic shield, antimagic bite, no
potion heal 2
a: Begin Untransformation, Renounce Religion


You were on level 2 of the Dungeon.
You worshipped Qazlal.
Qazlal was aware of your devotion.
You were a hulking beast.
You visited 1 branch of the dungeon, and saw 2 of its levels.

You collected 79 gold pieces.

Inventory:

Armour
 e - a +0 ring mail (worn)
Jewellery
 h - a +6 ring of intelligence
Talismans
 c - a beast talisman (active)
 d - a flux talisman
Scrolls
 f - a scroll of noise {unknown}
 g - a scroll of torment {unknown}
 k - a scroll of enchant armour {unknown}
Potions
 a - a potion of ambrosia {unknown}
 b - a potion of lignification
 i - a potion of heal wounds {unknown}
 j - a potion of curing {unknown}


   Skills:
 + Level 1.4 Fighting
 + Level 2.0 Dodging
 + Level 3.3 Unarmed Combat
 * Level 3.5 Shapeshifting


You had 2 spell levels left.
You didn't know any spells.
Your spell library was empty.

Dungeon Overview and Level Annotations

Branches:
Dungeon (2/15)

Altars:
Qazlal

Annotations:
D:2 Robin


Innate Abilities, Weirdness & Mutations

You are a hulking beast.
Your limbs bulge with bestial killing power. (Slay +2)
You have extremely sharp teeth.
Your natural rate of healing is unusually fast.
When hurt, damage is shared between your health and your magic reserves.
Your bite disrupts and absorbs the magic of your enemies.
Potions cannot restore your health.


Message History

The goblins go into a battle-frenzy!
The hobgoblin hits you.
You punch the hobgoblin!
You kill the hobgoblin!
Qazlal accepts your kill.
Robin says, "My goblins will feast on your bones."
The goblin unwields a +0 club.
The goblin wields a +0 sling.
The goblin shoots a sling bullet.
The sling bullet closely misses you. Robin hits you with a +0 short sword.
You hit Robin.
Robin is moderately wounded.
The goblin unwields a +0 sling.
The goblin wields a +0 club.
The goblin hits you with a +0 club. Robin hits you with a +0 short sword.
Unknown command.
You hit the goblin.
The goblin is severely wounded.
The goblin hits you with a +0 club.
* * * LOW HITPOINT WARNING * * *
Robin barely misses you.
You punch the goblin!
You kill the goblin!
Qazlal accepts your kill. Robin closely misses you.
You barely miss Robin.
Robin is moderately wounded.
Robin hits you but does no damage.
You hit Robin but do no damage.
Robin is moderately wounded.
The endoplasm freezes you.
You are frozen.
Robin flexes a bicep menacingly.
You block Robin's attack.
You hit Robin. Your bite misses Robin.
Robin is heavily wounded.
The endoplasm freezes you.
You are frozen.
* * * LOW HITPOINT WARNING * * *
Robin hits you with a +0 short sword.
You die...
Robin says, "And that's why I'm the boss."

#.# #.##g####
#.##...g# #.#####g#
..# #.# #.# #.# #.#
#.# #†# ###.#
######.###hg.#
...........>J.#####
...>...#.)..).....#
#######)####.####.#
## #.# #.# #.# #.#
###.####.###
..#.##.....#
#.#.##.###.#####.#


You could see Robin and an endoplasm.

Vanquished Creatures
  4 bats
  2 endoplasms
  10 goblins
  4 hobgoblins
  6 jackals (D:1)
  A quokka (D:1)
  2 ball pythons (D:1)
  A frilled lizard (D:2)
  8 kobolds
  2 rats
40 creatures vanquished.

Notes
Turn   | Place    | Note
-------+----------+-------------------------------------------
     0 | D:1      | Ethylacetat the Vine Stalker Shapeshifter began the quest
                  | for the Orb.
     0 | D:1      | Reached XP level 1. HP: 9/9 MP: 2/2
    32 | D:1      | Reached skill level 1 in Fighting
    42 | D:1      | Reached XP level 2. HP: 14/14 MP: 0/3
   497 | D:1      | Found a faded altar of an unknown god.
   513 | D:1      | Prayed at the altar of an unknown god.
   513 | D:1      | Became a worshipper of Qazlal Stormbringer
   513 | D:1      | Reached * piety under Qazlal
   575 | D:1      | Reached XP level 3. HP: 18/18 MP: 4/4
   939 | D:2      | Noticed Robin
   978 | D:2      | Slain by Robin

Illustrated notes

Levels and vault maps discovered:
D:1:      saegor_arrival_miasma, layout_loops_ring,
          hellmonk_ecumenical_altar_crossroads
D:2:      layout_loops_ring, serial_shops, shop,
          corexii_item_surrounded_by_moat, uniq_crazy_yiuf_cottage, uniq_robin,
          uniq_sigmund

Skill      XL: |  1  2  3 |
---------------+----------+-----
Fighting       | 1 |  1.4
Dodging        | 2 |  2.0
Unarmed Combat | |  3.3
Shapeshifting  | |  3.5

Action                     || total
---------------------------++-------
  Melee: Unarmed           ||    88
         Bite              ||    17
         Punch             ||     2
 Armour: Animal skin       ||    20
         Ring mail         ||    44
  Dodge: Dodged            ||    42
  Block: Other             ||     2

Table legend: (Time is in decaauts)
 A = Elapsed time spent in this place.
 B = Non-inter-level travel time spent in this place.
 C = Inter-level travel time spent in this place.
 D = Time resting spent in this place.
 E = Time spent auto-exploring this place.
 F = Levels seen in this place.
 G = Mean time per level.
                   A        B        C        D        E       F      G
               +--------+--------+--------+--------+--------+-----+--------+
         Total |    973 |    912 |     61 |      0 |    702 |   2 |  486.5 |
       Dungeon |    973 |    912 |     61 |      0 |    702 |   2 |  486.5 |
               +--------+--------+--------+--------+--------+-----+--------+

Top non-repeatable levels by time:
     D:1: 859 daAuts
     D:2: 113 daAuts
